 Dungeon Crawl Stone Soup version 0.27.0-1-g7a089689b8 (webtiles) character file.

Game seed: 7817667759511136321

424 dolemite99 the Ruffian (level 6, -2/47 HPs)
             Began as a Draconian Transmuter on Aug 11, 2021.
             Was an Initiate of Yredelemnul.
             Slain by a gnoll (7 damage)
             ... on level 5 of the Dungeon.
             The game lasted 00:06:18 (5219 turns).

dolemite99 the Ruffian (Draconian Transmuter)       Turns: 5219, Time: 00:06:19

Health: -2/47      AC:  2    Str: 13    XL:     6   Next: 64%
Magic:  6/9        EV: 19    Int: 14    God:    Yredelemnul [......]
Gold:   143        SH:  0    Dex: 17    Spells: 5/9 levels left

rFire    . . .     SeeInvis .     - Unarmed
rCold    . . .     Faith    .   (shield currently unavailable)
rNeg     . . .     Spirit   .   (armour unavailable)
rPois    x         Reflect  .   (helmet currently unavailable)
rElec    .         Harm     .   (cloak currently unavailable)
rCorr    .         Rampage  .   (gloves currently unavailable)
Will     .....                  (boots currently unavailable)
Stlth    ++........             (no amulet)
HPRegen  0.15/turn              (no ring)
MPRegen  0.11/turn              (no ring)

@: spider-form, studying Summonings
A: venomous fangs, AC +6, tiny, unfitting armour, (cold-blooded)
a: End Transformation, Renounce Religion


You were on level 5 of the Dungeon.
You worshipped Yredelemnul.
Yredelemnul was noncommittal.
You were a venomous arachnid creature.
You visited 1 branch of the dungeon, and saw 5 of its levels.

You collected 143 gold pieces.

Inventory:

Hand Weapons
 b - a +0 hunting sling
 m - a +1 dagger of venom (melded)
Missiles
 d - 224 stones
 e - 59 arrows
 k - 25 bolts
 o - 37 sling bullets
 q - 8 atropa-tipped darts
 s - 7 poisoned darts
Armour
 a - a +0 pair of boots (melded)
 f - a +2 kite shield
Scrolls
 j - a scroll of immolation
 n - a scroll of enchant armour {unknown}
 p - a scroll of enchant weapon {unknown}
Potions
 c - a potion of degeneration {unknown}
 g - a potion of might
 h - 2 potions of invisibility
 i - 2 potions of heal wounds
 l - 3 potions of attraction
 r - a potion of magic {unknown}


   Skills:
 - Level 1.1 Fighting
 - Level 1.7 Dodging
 + Level 5.3 Unarmed Combat
 - Level 2.0 Spellcasting
 + Level 4.0 Transmutations
 - Level 3.6 Poison Magic


You had 5 spell levels left.
You knew the following spells:

 Your Spells              Type           Power      Damage    Failure   Level
a - Beastly Appendage     Tmut           24%        N/A       14%         1
b - Spider Form           Tmut/Pois      6%         N/A       32%         3

Your spell library contained the following spells:

 Spells                   Type           Power      Damage    Failure   Level
 Wereblood                Tmut           12%        N/A       19%         2
 Poisonous Vapours        Pois/Air       12%        N/A       36%         2
 Ignite Poison            Fire/Tmut/Pois 8%         N/A       47%         3
 Corpse Rot               Necr/Air       N/A        N/A       56%         2
 Mephitic Cloud           Conj/Pois/Air  4%         N/A       63%         3
 Ice Form                 Ice/Tmut       7%         N/A       87%         4
 Bolt of Magma            Conj/Fire/Erth 0%         4d4       100%        5
 Freezing Cloud           Conj/Ice/Air   0%         6-21      100%        5


Dungeon Overview and Level Annotations

Branches:
Dungeon (5/15)
 Temple: D:4-7

Altars:
Elyvilon
Fedhas
Hepliaklqana
Yredelemnul
Zin
The Shining One

Shops:
D:4 (


Innate Abilities, Weirdness & Mutations

You are a venomous arachnid creature.
You have poisonous fangs.
You are tiny and dextrous.
Your spellcasting is less reliable in this form.
Your armour is entirely melded.
You are incapable of wielding weapons or throwing items.
((Your plain brown scales are hard. (AC +6)))
You cannot fit into any form of body armour.
((You are cold-blooded and may be slowed by cold attacks.))


Message History

You headbutt the orc, but do no damage. You punch the orc.
You kill the orc!
Yredelemnul accepts your kill.
Your Transmutations skill increases to level 4!
You hit the gnoll.
The gnoll is poisoned.
Your kick misses the gnoll.
The gnoll is moderately wounded.
The gnoll hits you with a +0 whip.
You hit the gnoll.
The gnoll looks as sick as possible!
You punch the gnoll, but do no damage.
The gnoll is heavily wounded.
The gnoll closely misses you.
You hit the gnoll but do no damage.
The gnoll looks as sick as possible!
Your kick misses the gnoll.
The gnoll is severely wounded.
The gnoll hits you but does no damage.
You hit the gnoll but do no damage.
The gnoll looks as sick as possible!
You headbutt the gnoll.
You kill the gnoll!
Yredelemnul accepts your kill.
Your transformation is almost over.
Casting: Beastly Appendage (safe; 4% risk of failure)
Confirm with . or Enter, or press ? or * to list all spells.
Your horns disappear.
Your talons disappear.
Your +0 pair of boots unmelds from your body.
You turn into a venomous arachnid creature.
Your +1 dagger of venom melds into your body.
Your +0 pair of boots melds into your body.
Your +1 dagger of venom stops dripping with poison.
The gnoll closely misses you. The gnoll hits you with a +0 whip!
* * * LOW HITPOINT WARNING * * *
You bite the gnoll!
The gnoll is poisoned.
The gnoll is heavily wounded.
The gnoll hits you with a +0 whip!
* * * LOW HITPOINT WARNING * * *
You barely miss the gnoll.
The gnoll is heavily wounded.
The gnoll hits you with a +0 whip!
You die...
Your body rises from the dead as a mindless zombie.

########## .# .........#
#.# ########.# #.#
#.########.######.#
#......<....sgg##.#
#..##...##.###.##.#
.......##.#......#
#.##...##.#......#####..
# ##.##................
#. #..........$.....
.............#...###
#.........##.g......
........##.#...###


You could see 2 gnolls.

Vanquished Creatures
  A water moccasin skeleton (D:4)
  A bullfrog zombie (D:4)
  A hound (D:5)
  A bullfrog skeleton (D:2)
  An orc priest (D:4)
  A jelly (D:4)
  2 iguanas (D:4)
  5 adders
  5 gnolls
  2 worms
  An adder skeleton (D:4)
  2 dart slugs
  3 orcs
  8 ball pythons
  4 endoplasms
  2 giant cockroaches (D:2)
  11 goblins
  4 hobgoblins
  8 kobolds
  A quokka (D:4)
  6 bats
  4 frilled lizards
  7 rats
81 creatures vanquished.

Notes
Turn   | Place    | Note
-------+----------+-------------------------------------------
     0 | D:1      | dolemite99 the Draconian Transmuter began the quest for the
                  | Orb.
     0 | D:1      | Reached XP level 1. HP: 16/16 MP: 3/3
   137 | D:1      | Reached XP level 2. HP: 23/23 MP: 3/5
   840 | D:1      | Reached XP level 3. HP: 28/28 MP: 4/6
  1564 | D:2      | Reached skill level 4 in Unarmed Combat
  1583 | D:2      | Reached XP level 4. HP: 25/35 MP: 5/7
  2311 | D:2      | Learned a level 3 spell: Spider Form
  2556 | D:3      | Reached XP level 5. HP: 40/40 MP: 6/8
  2637 | D:3      | Reached skill level 1 in Poison Magic
  2769 | D:3      | Found a basalt altar of Yredelemnul.
  2863 | D:3      | Became a worshipper of Yredelemnul the Dark
  3018 | D:3      | Found a glowing silver altar of Zin.
  3847 | D:4      | Found Haekel's Antique Weapon Boutique.
  4571 | D:4      | Reached skill level 5 in Unarmed Combat
  4571 | D:4      | Reached XP level 6. HP: 43/47 MP: 9/9
  4794 | D:4      | Found a white marble altar of Elyvilon.
  4817 | D:4      | Found a hazy altar of Hepliaklqana.
  5008 | D:4      | Found a glowing golden altar of the Shining One.
  5010 | D:4      | Found a blossoming altar of Fedhas.
  5175 | D:5      | Entered Level 5 of the Dungeon
  5219 | D:5      | Slain by a gnoll

Illustrated notes

Levels and vault maps discovered:
D:1:      lightli_arrival_flooded_house, layout_loops_ring
D:2:      layout_loops_ring
D:3:      layout_loops_ring, marbit_many_paths, zin_academy
D:4:      layout_rooms, nicolae_elyvilon_peaceful_grove,
          mainiacjoe_overflow_cross_hatched, gammafunk_temple_overflow_pools,
          serial_shops, nicolae_shop_statue_plus, minmay_fractal_squares_5
D:5:      layout_loops_ring, kennysheep_mini_moat, trog_ov_bears_minmay,
          lemuel_coloured_pillars_altar, cheibrodos_sewer_entry_drain,
          ebering_dispersal_statue_hall

Skill      XL: |  1  2  3  4  5  6 |
---------------+-------------------+-----
Transmutations | 3 4 |  4.0
Unarmed Combat | 4 5 |  5.3
Poison Magic   | 3 |  3.6
Fighting       | |  1.1
Dodging        | |  1.7
Spellcasting   | |  2.0

Action                   |  1- 3 |  4- 6 || total
-------------------------+-------+-------++-------
Melee: Dagger            |    50 |    52 ||   102
       Unarmed           |    13 |    91 ||   104
       Headbutt          |    10 |    17 ||    27
       Tailslap          |     6 |     8 ||    14
       Punch             |     2 |     9 ||    11
       Hand axe          |    35 |       ||    35
       Kick              |    18 |    28 ||    46
 Fire: Hunting sling     |     5 |       ||     5
 Cast: Beastly Appendage |    21 |    32 ||    53
       Spider Form       |       |     4 ||     4
  Use: Scroll            |       |     6 ||     6
Armor: Skin              |    37 |    38 ||    75
Dodge: Dodged            |    72 |    99 ||   171
